 Dungeon Crawl Stone Soup version 0.30-a0-900-g23479c02f2 (webtiles) character file.

Game seed: 15253936379083383600

363094 cheesebisquit the Impregnable (level 21, -13/197 (203) HPs)
             Began as an Armataur Fighter on Mar 18, 2023.
             Was an Elder of Lugonu.
             Killed from afar by a deep elf sorcerer (37 damage)
             ... with damnation
             ... on level 3 of the Elven Halls on Mar 19, 2023.
             The game lasted 03:56:55 (52084 turns).

cheesebisquit the Impregnable (Armataur Fighter)   Turns: 52084, Time: 03:56:56

HP:   -13/197 (203) AC: 38    Str: 31    XL:     21   Next: 53%
MP:   0/33          EV:  9    Int:  9    God:    Lugonu [****..]
Gold: 1673          SH: 27    Dex: 11    Spells: 20/20 levels left

rFire   + . .      SeeInvis +    F - +6 eveningstar (holy)
rCold   + + .      Faith    .    Y - +2 tower shield {rC+ rF+}
rNeg    . . .      Spirit   +    V - +7 ring mail "Eschie" {Fly rPois}
rPois   +          Reflect  +    X - +2 hat of the Bear Spirit {Spirit, Bear, *Rage Will++}
rElec   .          Roll     +    s - +2 cloak {rCorr}
rCorr   +          Rage     20%  q - +2 pair of gloves
Will    ++++.                    r - +3 barding {rC+}
Stlth   +                        E - amulet of reflection
HPRegen 0.52/turn                j - ring of see invisible
MPRegen 0.23/turn                T - ring of willpower

@: on berserk cooldown, flying, lightly drained
A: large, rugged brown scales 3, deformed body, armoured tail, roll, long
tongue, awkward tongue
}: 2/15 runes: decaying, serpentine
a: Renounce Religion, Depart the Abyss, Banish, Corrupt


You were on level 3 of the Elven Halls.
You worshipped Lugonu.
Lugonu was greatly pleased with you.
You visited 8 branches of the dungeon, and saw 39 of its levels.
You visited the Abyss 2 times.
You also visited: Ossuary.

You collected 4340 gold pieces.
You spent 2667 gold pieces at shops.

Inventory:

Hand Weapons
 a - a +8 flail of draining
 F - a +6 eveningstar of holy wrath (weapon)
Missiles
 g - 10 datura-tipped darts
 t - 37 poisoned darts (quivered)
 H - 10 curare-tipped darts
 I - 9 atropa-tipped darts
Armour
 q - a +2 pair of gloves (worn)
 r - a +3 barding of cold resistance (worn)
 s - a +2 cloak of preservation (worn)
 D - the orb "Qileipt" {*channel, rN++ rCorr Str-5 Int+8}
   (You found it on level 13 of the Dungeon)

   Str:       It affects your strength (-5).
   Int:       It affects your intelligence (+8).
   rN:        It greatly protects you from negative energy.
   rCorr:     It protects you from acid and corrosion.
 V - the +7 ring mail "Eschie" (worn) {Fly rPois}
   (You found it on level 5 of the Lair of Beasts)

   rPois:     It protects you from poison.
   Fly:       It grants you flight.
 X - the +2 hat of the Bear Spirit (worn) {Spirit, Bear, *Rage Will++}
   (You bought it in a shop on level 2 of the Orcish Mines)

   Bear:      Going berserk makes the wearer tougher, and they're slowed less
   afterward.
   *Rage:     It berserks you when you make melee attacks (+20% chance).
   Will:      It greatly increases your willpower.
 Y - a +2 tower shield of resistance (worn)
Jewellery
 h - a ring of flight
 j - a ring of see invisible (left hand)
 E - an amulet of reflection (around neck)
 R - a +4 ring of protection
 T - a ring of willpower (right hand)
 Z - the ring "Yrghawif" {Fire Str+3 Slay+5 Stlth-}
   (You took it off a naga warrior on level 3 of the Snake Pit)

   [ring of fire]

   It enhances your fire magic.
   Str:       It affects your strength (+3).
   Slay:      It affects your accuracy & damage with ranged weapons and melee
   (+5).
   rF:        It protects you from fire.
   rC:        It makes you vulnerable to cold.
   Stlth:     It makes you less stealthy.
Wands
 o - a wand of light (15)
 z - a wand of flame (102)
 A - a wand of iceblast (36)
 B - a wand of paralysis (16)
 J - a wand of mindburst (44)
 M - a wand of polymorph (15)
 Q - a wand of digging (14)
Scrolls
 i - 2 scrolls of brand weapon
 k - 5 scrolls of poison
 l - a scroll of torment
 m - 5 scrolls of fog
 p - 8 scrolls of teleportation
 x - 2 scrolls of immolation
 y - 2 scrolls of blinking
 K - 2 scrolls of silence
 L - a scroll of magic mapping
 N - a scroll of enchant weapon
 S - 4 scrolls of fear
 U - 3 scrolls of summoning
Potions
 b - 3 potions of cancellation
 d - 10 potions of curing
 e - 7 potions of lignification
 f - 5 potions of berserk rage
 n - a potion of ambrosia
 u - 5 potions of brilliance
 v - 8 potions of mutation
 w - 4 potions of attraction
 C - 9 potions of flight
 G - 3 potions of magic
 O - 5 potions of resistance


   Skills:
 + Level 16.8 Fighting
 - Level 2.2 Long Blades
 + Level 15.0 Maces & Flails
 + Level 21.3 Armour
 + Level 9.7 Dodging
 + Level 19.7 Shields
 - Level 0.1 Unarmed Combat
 + Level 16.8 Invocations


You had 20 spell levels left.
You didn't know any spells.
Your spell library contained the following spells:

 Spells                   Type           Power      Damage    Failure   Level
 Foxfire                  Conj/Fire      0%         2x1d4     65%         1
 Freeze                   Ice            0%         1d3       65%         1
 Slow                     Hex            0%         N/A       65%         1
 Summon Small Mammal      Summ           0%         N/A       65%         1
 Blink                    Tloc           0%         N/A       80%         2
 Cigotuvi's Dreadful Rot  Necr/Pois/Air  0%         N/A       80%         2
 Lesser Beckoning         Tloc           0%         N/A       80%         2
 Momentum Strike          Conj/Tloc      0%         3d8       80%         2
 Sublimation of Blood     Necr           0%         N/A       80%         2
 Call Canine Familiar     Summ           0%         N/A       95%         3
 Confusing Touch          Hex            0%         N/A       95%         3
 Frozen Ramparts          Ice            0%         1d1       95%         3
 Gell's Gravitas          Tloc           0%         N/A       95%         3
 Hailstorm                Conj/Ice       0%         3d3       95%         3
 Ignite Poison            Fire/Tmut/Pois 0%         N/A       95%         3
 Kindle Blastsparks       Fire/Tloc/Air  0%         2d10      95%         3
 Summon Guardian Golem    Hex/Summ       0%         N/A       95%         3
 Teleport Other           Tloc           0%         N/A       95%         3
 Vampiric Draining        Necr           0%         2d6       95%         3
 Anguish                  Hex/Necr       0%         N/A       100%        4
 Animate Dead             Necr           0%         N/A       100%        4
 Cause Fear               Hex            0%         N/A       100%        4
 Dispel Undead            Necr           0%         3d6       100%        4
 Manifold Assault         Tloc           0%         N/A       100%        4
 Passage of Golubria      Tloc           0%         N/A       100%        4
 Petrify                  Tmut/Erth      0%         N/A       100%        4
 Sticky Flame             Conj/Fire      0%         2d3       100%        4
 Summon Lightning Spire   Summ/Air       0%         N/A       100%        4
 Borgnjor's Vile Clutch   Necr/Erth      0%         N/A       100%        5
 Fireball                 Conj/Fire      0%         3d3       100%        5
 Freezing Cloud           Conj/Ice/Air   0%         6-21      100%        5
 Irradiate                Conj/Tmut      0%         3d11      100%        5
 Silence                  Hex/Air        0%         N/A       100%        5
 Death Channel            Necr           0%         N/A       100%        6
 Dispersal                Tloc           0%         N/A       100%        6
 Starburst                Conj/Fire      0%         6d3       100%        6
 Dragon Form              Tmut           0%         N/A       100%        7
 Enfeeble                 Hex            0%         N/A       100%        7
 Orb of Destruction       Conj           0%         9d5       100%        7
 Spellforged Servitor     Conj/Summ      0%         N/A       100%        7
 Storm Form               Tmut/Air       0%         N/A       100%        7
 Disjunction              Tloc           0%         N/A       100%        8
 Ignition                 Fire           0%         3d3       100%        8
 Lehudib's Crystal Spear  Conj/Erth      0%         10d2      100%        8
 Maxwell's Capacitive Co  Air            0%         ∞         100%        8
 Dragon's Call            Summ           0%         N/A       100%        9


Dungeon Overview and Level Annotations

Branches:
Dungeon (15/15)            Temple (1/1) D:4            Lair (5/5) D:9
  Swamp (4/4) Lair:2        Snake (4/4) Lair:2        Slime (0/5) Lair:4
    Orc (2/2) D:12            Elf (3/3) Orc:2        Vaults (5/5) D:13
  Crypt (0/3) Vaults:2     Depths (0/4) D:15        Ossuary (visited)

Altars:
Ashenzari
Cheibriados
Dithmenos
Elyvilon
Fedhas
Gozag
Hepliaklqana
Kikubaaqudgha
Makhleb
Nemelex Xobeh
Okawaru
Qazlal
Ru
Sif Muna
Trog
Uskayaw
Vehumet
Wu Jian
Xom
Yredelemnul
Zin
The Shining One

Shops:
D:1 :[:**   D:12 ?*   D:14 :   Orc:2 [![[   Elf:1 [   Elf:3 *   Snake:1 [(:[
Vaults:1 *   Vaults:2 *   Vaults:3 (

Portals:
Abyss: Snake:1
Trove: Vaults:1 (give 13 potions of heal wounds)


Innate Abilities, Weirdness & Mutations

You are completely covered in rugged brown scales. (AC +3, +7% HP)
Armour fits poorly on your strangely shaped body.
You have a long armoured tail.
You roll when moving toward enemies. (Rampage)
Your long tongue fully drains potion bottles. (2x potion effects)
Your tongue gives you trouble enunciating. (1.5x scroll delay)


Message History

The Brimstone Fiend gestures at you.
The sphere of damnation explodes!
The damnation engulfs you!!
* * * LOW HITPOINT WARNING * * *
The damnation engulfs the Brimstone Fiend.
The Brimstone Fiend completely resists.
You hear a shout! x3
You hit the Brimstone Fiend but do no damage.
The deep elf sorcerer casts a spell.
The deep elf sorcerer seems to speed up.
You hear a shout!
You completely miss the Brimstone Fiend.
You block the Brimstone Fiend's attack.
The Brimstone Fiend hits you but does no damage. x2
You puncture the Brimstone Fiend!
The Brimstone Fiend convulses!
The Brimstone Fiend is moderately wounded.
You block the Brimstone Fiend's attack. x2
The Brimstone Fiend hits you but does no damage.
You hit the Brimstone Fiend but do no damage.
The Brimstone Fiend is moderately wounded.
The balrug gestures at you. Something smites you!
* * * LOW HITPOINT WARNING * * *
The Brimstone Fiend gestures at you.
The sphere of damnation explodes!
The damnation engulfs you!!
* * * LOW HITPOINT WARNING * * *
The damnation engulfs the Brimstone Fiend.
The Brimstone Fiend completely resists.
You hear a shout! x2
Blink to where?
Press: ? - help, Dir - move target As you slowly read the scroll of blinking, it crumbles to dust.
The deep elf sorcerer casts a spell at you.
The sphere of damnation explodes!
The damnation engulfs you!!!
* * * LOW HITPOINT WARNING * * *
Unknown command.
You slurp down every last drop of the potion of curing!
You feel better.
The deep elf sorcerer gestures at you while chanting.
The sphere of damnation explodes!
The damnation engulfs you!!!
You die...

...#######.####.#########.###.###
.### #..## ##...# ##.## ##.## .#
#...###...## ##.## ##1. .#
##....∩....# ##.## ##.#. .#
#....###...# ##.## ##.### )#
#...#####..# ##.## ##.## # .##
#.##..###### ##.## ##.##
..###.........####.#######.######
.#.##).....)....@.....e.........#
.##.#))...))..##########.#######.
.###)###..###)# #.# ##
.####.##### #.# #.# #
..####.######.##########.########
...............................[.
########......?..#######.########
# ### #....).....# ###.#### ##.##
#..........# ##......##


You could see a deep elf sorcerer (fast).

Vanquished Creatures
  Mara (Swamp:4)
  Bai Suzhen (Vaults:4)
  Frederick (Vaults:2)
  Saint Roka (Vaults:2)
  Nikola (Elf:2)
  A bone dragon (Abyss:3)
  A deep elf master archer (Elf:3)
  A deep elf blademaster (Elf:2)
  2 thorn hunters (Swamp:2)
  5 tentacled starspawn
  7 sphinxes
  A sphinx (shapeshifter) (Vaults:1)
  A tengu reaver (Vaults:1)
  7 nagarajas
  A revenant (Abyss:3)
  Donald (Swamp:1)
  A fenstrider witch (Lair:2)
  3 deep elf sorcerers
  5 vault wardens
  An emperor scorpion (D:15)
  Louise (Swamp:2)
  2 orc warlords
  4 war gargoyles
  14 ironbound preservers
  2 very ugly things
  A stone giant (Vaults:2)
  7 eleionomae
  9 ironbound thunderhulks
  Azrael (D:15)
  A deep elf demonologist (Elf:1)
  7 dire elephants
  2 spark wasps (Elf:3)
  8 bunyips
  A deep elf death mage (Elf:3)
  3 crystal guardians
  4 deep elf high priests
  An eidolon (Abyss:3)
  8 yaktaur captains
  An entropy weaver (Vaults:3)
  Josephine (D:15)
  3 vault guards
  6 great orbs of eyes
  3 salamander tyrants
  3 ice dragons (Swamp:4)
  2 ogre magi
  5 peacekeepers
  16 centaur warriors
  17 anacondas
  9 hydras
  4 ghost crabs
  5 ironbound frosthearts
  A death knight (D:14)
  32 dancing weapons
  2 alligators (Swamp:1)
  2 boulder beetles
  6 two-headed ogres
  10 death yaks
  A tengu warrior (D:15)
  4 orc high priests (Orc:1)
  A hell hog (Snake:1)
  16 naga warriors
  11 shock serpents
  12 naga sharpshooters
  A wretched star (Abyss:3)
  2 thrashing horrors (Abyss:3)
  18 deep elf knights
  6 skeletal warriors (D:14)
  3 sea snakes (Snake:2)
  A skyshark (Lair:4)
  5 salamander mystics
  7 spriggan druids
  7 goliath frogs
  A death drake (shapeshifter) (Vaults:1)
  3 bog bodies
  40 deep trolls
  12 deep elf archers
  3 swamp dragons
  6 lindwurms
  10 naga ritualists
  10 wizards
  19 ironbound convokers
  A phantasmal warrior (Vaults:1)
  13 mana vipers
  9 harpies
  28 deep elf pyromancers
  30 deep elf zephyrmancers
  9 orc knights
  21 ugly things
  6 orc sorcerers
  6 manticores
  A worldbinder (Abyss:3)
  11 elephants
  23 salamanders
  10 naga magi
  A guardian serpent (shapeshifter) (D:14)
  13 vault sentinels
  An apocalypse crab (Snake:1)
  10 cyclopes
  36 black mambas
  2 eyes of devastation (shapeshifter)
  7 guardian serpents
  A torpor snail (Lair:1)
  18 cane toads
  2 unseen horrors
  12 komodo dragons
  3 rime drakes
  19 yaktaurs
  2 ancient zymes (Abyss:3)
  3 efreet
  6 freezing wraiths
  A tormentor (Abyss:3)
  9 trolls
  A tengu conjurer (D:15)
  4 polar bears
  9 hornets
  11 tyrant leeches
  11 blink frogs
  4 raiju (Abyss:3)
  4 dream sheep (Lair:5)
  A snapping turtle (shapeshifter) (D:14)
  3 shadows
  40 slime creatures
  2 wyverns
  3 vampires (D:12)
  9 wraiths
  8 spriggans
  An air elemental (Elf:1)
  2 water elementals (Elf:1)
  7 fire elementals
  6 large abominations
  37 yaks
  A fire bat (shapeshifter) (Elf:1)
  A basilisk (shapeshifter) (Elf:3)
  A human (shapeshifter) (D:15)
  3 basilisks
  A neqoxec (Abyss:3)
  A steam dragon (D:9)
  22 vampire mosquitoes
  A redback (Vaults:3)
  6 swamp worm simulacra (Swamp:4)
  6 wargs
  6 acid dragons
  16 swamp worms
  41 nagas
  17 hydra simulacra (Swamp:4)
  16 water moccasins
  4 hell hounds (D:15)
  Duvessa (D:5)
  2 ice beasts
  28 orc warriors
  2 swamp drakes
  2 black bears
  8 ogres
  A boggart (Vaults:1)
  9 centaurs
  10 wolves
  A phantom (D:6)
  The ghost of ZoeForever1 the Firebug, an amateur GrFE (D:3)
  19 bullfrogs
  5 kobold brigands
  A gnoll sergeant (D:12)
  3 earth elementals
  5 scorpions
  5 wights
  Dowan (D:5)
  5 small abominations (Abyss:3)
  3 killer bees (D:9)
  5 howler monkeys
  5 electric eels
  A lava snake (D:12)
  A quasit (Abyss:3)
  4 hounds
  14 orc priests
  4 jellies
  3 gnoll boudas
  15 starcursed masses
  6 iguanas
  21 orc wizards
  8 mummies (Ossuary)
  18 gnolls
  A river rat (D:3)
  7 adders
  2 shadow imps
  2 white imps (D:5)
  2 swamp drake simulacra (Swamp:4)
  A worm (D:3)
  3 dart slugs
  55 orcs
  5 ball pythons
  4 endoplasms
  12 giant cockroaches
  3 gnoll zombies (Ossuary)
  6 goblins
  8 hobgoblins
  7 jackals
  27 kobolds
  2 quokkas (D:1)
  7 bats
  3 frilled lizards
  2 kobold zombies (Ossuary)
  3 orc zombies (Ossuary)
  12 rats
  A butterfly (Swamp:4)
  3 starspawn tentacles
1461 creatures vanquished.

Vanquished Creatures (collateral kills)
  A sphinx (Vaults:3)
  A nagaraja (Snake:3)
  2 vault wardens (Vaults:3)
  An ironbound preserver (Vaults:3)
  A yaktaur captain (Vaults:3)
  A vault guard (Vaults:3)
  A death knight (D:14)
  A phantasmal warrior (Vaults:3)
  A deep troll (Vaults:3)
  A harpy (Vaults:3)
  2 vault sentinels (Vaults:3)
  7 yaktaurs (Vaults:3)
20 creatures vanquished.

Vanquished Creatures (others)
  The ghost of Isiyh the Warrior, a journeyman MiMo of Gozag (Snake:1)
  A deep elf annihilator (Elf:2)
  A bunyip (Swamp:2)
  A deep elf knight (Elf:1)
  A spriggan (Swamp:1)
  2 deep elf zephyrmancers
  A hornet (Swamp:1)
  2 bloated husks (Swamp:2)
  4 slime creatures (D:15)
  A fire elemental (Elf:1)
  A swamp worm (Swamp:2)
  14 fungi
  61 plants
  9 starspawn tentacles
  5 withered plants (D:1)
105 creatures vanquished.

Grand Total: 1586 creatures vanquished

Notes
Turn   | Place    | Note
-------+----------+-------------------------------------------
     0 | D:1      | cheesebisquit the Armataur Fighter began the quest for the
                  | Orb.
     0 | D:1      | Reached XP level 1. HP: 19/19 MP: 1/1
    24 | D:1      | Found Parocsac's Assorted Antiques.
    83 | D:1      | Reached XP level 2. HP: 26/26 MP: 2/2
   226 | D:1      | Bought a brown potion for 15 gold pieces
   259 | D:1      | Reached skill level 4 in Armour
   262 | D:1      | Found Weelaxt's General Store.
   298 | D:1      | Found Muwk's Book Emporium.
   356 | D:1      | Reached XP level 3. HP: 31/33 MP: 3/3
   416 | D:1      | Found Buva's Armour Shoppe.
   430 | D:1      | Found Wyafumotz's Book Shoppe.
   832 | D:1      | Found a faded altar of an unknown god.
  1395 | D:2      | Reached XP level 4. HP: 31/40 MP: 4/4
  1410 | D:2      | Reached skill level 1 in Maces & Flails
  2320 | D:3      | Noticed ZoeForever1's ghost (amateur GrFE)
  2323 | D:3      | Found a runed translucent door.
  2396 | D:3      | You fall into a shaft and drop 2 floors!
  2396 | D:5      | Entered Level 5 of the Dungeon
  2412 | D:5      | Reached XP level 5. HP: 39/48 MP: 5/5
  2911 | D:4      | Reached skill level 5 in Armour
  2911 | D:4      | Reached XP level 6. HP: 42/55 MP: 6/6
  3167 | D:4      | Found a staircase to the Ecumenical Temple.
  3175 | Temple   | Entered the Ecumenical Temple
  3350 | Temple   | Became a worshipper of Qazlal Stormbringer
  4270 | D:1      | Bought a +1 cloak of preservation for 231 gold pieces
  4386 | D:3      | Reached skill level 5 in Shields
  4617 | D:1      | Bought a fuming ruby potion for 15 gold pieces
  4693 | D:4      | Identified the +1 pair of boots of the Sun {Stlth+}
  5173 | D:5      | Reached XP level 7. HP: 60/63 MP: 7/7
  5204 | D:5      | Identified the +2 leather armour of the Tundras {Str+3
                  | Dex+4}
  5707 | D:5      | Noticed Duvessa
  5708 | D:5      | Noticed Dowan
  5714 | D:5      | Killed Dowan
  5721 | D:5      | Killed Duvessa
  5722 | D:5      | Reached skill level 6 in Armour
  6046 | D:5      | Reached * piety under Qazlal
  6082 | D:5      | Reached skill level 5 in Fighting
  6092 | D:5      | Reached XP level 8. HP: 47/72 MP: 8/8
  7300 | D:6      | Reached skill level 7 in Armour
  7893 | D:1      | Bought a +0 tower shield for 63 gold pieces
  8319 | D:7      | Found a sand-covered staircase.
  8326 | D:7      | Reached XP level 9. HP: 80/80 MP: 9/9
  8330 | Ossuary  | Entered an ossuary
  8349 | Ossuary  | Reached skill level 5 in Maces & Flails
  8363 | Ossuary  | Reached ** piety under Qazlal
  8373 | Ossuary  | Reached skill level 8 in Armour
  8921 | D:7      | Identified the +2 pair of boots of Racuwutz {rF+ Int+4}
  9699 | D:8      | Paralysed by a hornet for 3 turns
  9703 | D:8      | Reached skill level 9 in Armour
 10005 | D:9      | Found a shimmering altar of Xom.
 10006 | D:9      | Found a snail-covered altar of Cheibriados.
 10006 | D:9      | Found an ancient bone altar of Kikubaaqudgha.
 10006 | D:9      | Found a broken altar of Ashenzari.
 10016 | D:9      | Noticed a komodo dragon
 10026 | D:9      | Noticed a komodo dragon
 10037 | D:9      | Killed a komodo dragon
 10038 | D:9      | Reached skill level 1 in Invocations
 10042 | D:9      | Killed a komodo dragon
 10092 | D:9      | Reached *** piety under Qazlal
 10097 | D:9      | Reached XP level 10. HP: 78/92 MP: 11/11
 10692 | D:9      | Found a staircase to the Lair.
 10942 | D:10     | Entered Level 10 of the Dungeon
 10995 | D:10     | Reached skill level 10 in Armour
 11237 | D:10     | Noticed a cyclops
 11248 | D:10     | Killed a cyclops
 11474 | D:10     | Identified the +10 dagger of Impatience {flame, rPois rF+
                  | Int+3}
 11760 | D:11     | Noticed a manticore
 11768 | D:11     | Killed a manticore
 12049 | D:11     | Noticed a two-headed ogre
 12054 | D:11     | Killed a two-headed ogre
 12055 | D:11     | Reached XP level 11. HP: 81/100 MP: 14/14
 12407 | D:11     | Reached **** piety under Qazlal
 12860 | D:12     | Reached skill level 5 in Invocations
 12891 | D:12     | Found Viad's Magic Scroll Boutique.
 12903 | D:12     | Noticed a two-headed ogre
 12904 | D:12     | Reached skill level 10 in Shields
 12912 | D:12     | Killed a two-headed ogre
 12913 | D:12     | Reached skill level 11 in Armour
 12935 | D:12     | Bought a scroll of enchant weapon for 112 gold pieces
 12935 | D:12     | Bought a scroll of noise for 15 gold pieces
 12935 | D:12     | Bought a scroll of identify for 30 gold pieces
 12935 | D:12     | Bought a scroll of identify for 30 gold pieces
 13367 | D:12     | Found Pischyho's Blood Bar.
 13694 | D:12     | Found a staircase to the Orcish Mines.
 13882 | D:12     | Identified the +5 spear "Lochel" {antimagic, Int+5}
 14374 | D:1      | Bought a scroll of enchant armour for 127 gold pieces
 14374 | D:1      | Bought a scroll of identify for 34 gold pieces
 14374 | D:1      | Bought a potion of curing for 51 gold pieces
 14430 | D:1      | Bought a +0 helmet for 63 gold pieces
 14470 | D:3      | Killed ZoeForever1's ghost
 14593 | Lair:1   | Entered Level 1 of the Lair of Beasts
 14638 | Lair:1   | Reached XP level 12. HP: 79/111 MP: 16/16
 14956 | Lair:1   | Reached ***** piety under Qazlal
 15083 | Lair:1   | Reached skill level 12 in Armour
 15135 | Lair:1   | Noticed a death yak
 15142 | Lair:1   | Killed a death yak
 15655 | Lair:2   | Found a staircase to the Snake Pit.
 15714 | Lair:2   | Identified a scroll of acquirement
 15715 | Lair:2   | Acquired a +2 barding of cold resistance
 15889 | Lair:2   | Found a staircase to the Swamp.
 17678 | Lair:4   | Found a staircase to the Slime Pits.
 18193 | Lair:5   | Entered Level 5 of the Lair of Beasts
 18238 | Lair:5   | Noticed a death yak
 18238 | Lair:5   | Noticed a death yak
 18238 | Lair:5   | Noticed a death yak
 18238 | Lair:5   | Noticed a death yak
 18238 | Lair:5   | Noticed a death yak
 18238 | Lair:5   | Noticed a death yak
 18253 | Lair:4   | Killed a death yak
 18254 | Lair:4   | Reached skill level 10 in Fighting
 18258 | Lair:4   | Killed a death yak
 18263 | Lair:4   | Killed a death yak
 18264 | Lair:4   | Reached XP level 13. HP: 107/120 MP: 18/18
 18267 | Lair:4   | Reached skill level 13 in Armour
 19003 | Lair:4   | Reached skill level 10 in Maces & Flails
 19780 | Lair:5   | Found the +1 robe of Vines {NoPotionHeal Regen++++}
 19795 | Lair:5   | Reached skill level 14 in Armour
 19828 | Lair:5   | Reached XP level 14. HP: 82/132 MP: 7/21
 19994 | Lair:5   | Identified the +7 ring mail "Eschie" {Fly rPois}
 20108 | Lair:5   | Identified the +4 sling of the Forging Gods {freeze, Int+4}
 20193 | Lair:5   | Found a shimmering altar of Xom.
 20195 | Lair:5   | Reached ****** piety under Qazlal
 20686 | Orc:1    | Entered Level 1 of the Orcish Mines
 21007 | Orc:2    | Entered Level 2 of the Orcish Mines
 21039 | Orc:2    | Noticed an orc warlord
 21151 | Orc:1    | Killed an orc warlord
 21669 | Orc:2    | Paralysed by an orc sorcerer for 3 turns
 21965 | Orc:1    | Reached skill level 10 in Invocations
 22099 | Orc:1    | Found a radiant altar of Vehumet.
 22412 | Orc:2    | Found Vuce's Antique Armour Emporium.
 22417 | Orc:2    | Found Kyqeluo's Armour Shop.
 22421 | Orc:2    | Bought the +2 hat of the Bear Spirit {Spirit, Bear, *Rage
                  | Will++} for 802 gold pieces
 22421 | Orc:2    | Found the +2 hat of the Bear Spirit {Spirit, Bear, *Rage
                  | Will++}
 22435 | Orc:2    | Found Dumiybb's Distillery.
 22437 | Orc:2    | Found Ocuablaa's Antique Armour Emporium.
 22443 | Orc:2    | Bought a potion of invisibility for 144 gold pieces
 22443 | Orc:2    | Bought a potion of curing for 54 gold pieces
 22443 | Orc:2    | Bought a potion of heal wounds for 90 gold pieces
 22443 | Orc:2    | Bought a potion of curing for 54 gold pieces
 22443 | Orc:2    | Bought a potion of curing for 54 gold pieces
 22443 | Orc:2    | Bought a potion of curing for 54 gold pieces
 22497 | Orc:2    | Found a staircase to the Elven Halls.
 22925 | D:1      | Bought 4 poisoned darts for 24 gold pieces
 22951 | D:1      | Bought a scroll of fog for 68 gold pieces
 23097 | Snake:1  | Entered Level 1 of the Snake Pit
 23142 | Snake:1  | Reached skill level 15 in Armour
 23302 | Snake:1  | Found Nerghiv's Antique Armour Boutique.
 23304 | Snake:1  | Found Zuluroona's Book Shop.
 23307 | Snake:1  | Found Esaf's Weapon Boutique.
 23659 | Snake:1  | Found Oppomedd's Antique Armour Boutique.
 23687 | Snake:1  | Found a transporter.
 23689 | Snake:1  | Noticed a tentacled starspawn
 23694 | Snake:1  | Noticed Isiyh's ghost (journeyman MiMo)
 23705 | Snake:1  | Noticed a nagaraja
 23707 | Snake:1  | Noticed a tentacled starspawn
 23711 | Snake:1  | Noticed a red very ugly thing
 23727 | Snake:1  | Found a transporter.
 23867 | Snake:1  | Found a radiant altar of Vehumet.
 24186 | Snake:2  | Noticed a nagaraja
 24196 | Snake:2  | Killed a nagaraja
 24203 | Snake:2  | Reached XP level 15. HP: 141/141 MP: 20/23
 26087 | Snake:3  | Noticed a nagaraja
 26093 | Snake:3  | Killed a nagaraja
 26208 | Snake:3  | Reached skill level 16 in Armour
 26517 | Snake:3  | Identified the ring "Yrghawif" {Fire Str+3 Slay+5 Stlth-}
 26710 | Snake:3  | Noticed a nagaraja
 26721 | Snake:3  | Killed a nagaraja
 27721 | Snake:4  | Entered Level 4 of the Snake Pit
 27917 | Snake:4  | Reached skill level 15 in Shields
 28176 | Snake:4  | Reached XP level 16. HP: 150/150 MP: 24/24
 28680 | Snake:4  | Reached skill level 1 in Dodging
 29917 | Snake:4  | Reached skill level 17 in Armour
 30645 | Snake:4  | Got a serpentine rune of Zot
 31803 | Swamp:1  | Entered Level 1 of the Swamp
 32054 | Swamp:1  | Reached XP level 17. HP: 160/160 MP: 23/26
 32141 | Swamp:1  | Noticed Donald
 32148 | Swamp:1  | Killed Donald
 32661 | Swamp:2  | Noticed Louise
 33366 | Swamp:2  | Killed Louise
 33449 | Swamp:2  | Identified the +5 falchion of the Grim God {drain, rCorr
                  | Dex+4}
 34250 | Swamp:4  | Entered Level 4 of the Swamp
 34748 | Swamp:4  | Noticed Mara
 34774 | Swamp:4  | Noticed cheesebisquit's illusion
 34816 | Swamp:4  | Noticed cheesebisquit's illusion
 34832 | Swamp:4  | Noticed cheesebisquit's illusion
 34872 | Swamp:4  | Noticed cheesebisquit's illusion
 34925 | Swamp:4  | Noticed cheesebisquit's illusion
 34929 | Swamp:4  | Killed Mara
 35481 | Swamp:4  | Reached skill level 18 in Armour
 35601 | Swamp:4  | Got a decaying rune of Zot
 36506 | D:13     | Identified the orb "Qileipt" {*channel, rN++ rCorr Str-5
                  | Int+8}
 36594 | D:13     | Found a gate to the Vaults.
 36866 | D:13     | Found a glowing golden altar of the Shining One.
 37116 | D:14     | Found Wuacley's Book Emporium.
 37160 | D:14     | Reached skill level 5 in Dodging
 37321 | D:14     | Reached XP level 18. HP: 171/171 MP: 28/28
 37999 | D:15     | Entered Level 15 of the Dungeon
 38222 | D:15     | Noticed Josephine
 38231 | D:15     | Killed Josephine
 38293 | D:15     | Noticed Azrael
 38336 | D:15     | Killed Azrael
 38637 | D:15     | Found a staircase to the Depths.
 38742 | D:15     | Identified the +3 rapier "Demon's Foe" {venom, rC+ rN+
                  | Str-3}
 38864 | Vaults:1 | Entered Level 1 of the Vaults
 39703 | Vaults:1 | Found Ingen's General Store.
 39712 | Vaults:1 | Found a portal to a secret trove of treasure.
 40237 | Vaults:1 | Reached skill level 19 in Armour
 40350 | Vaults:1 | Reached skill level 15 in Fighting
 40659 | Vaults:2 | Reached XP level 19. HP: 181/181 MP: 29/29
 40683 | Vaults:2 | Noticed Frederick
 40691 | Vaults:2 | Killed Frederick
 40928 | Vaults:2 | Noticed Saint Roka
 40956 | Vaults:2 | Killed Saint Roka
 41307 | Vaults:2 | Reached skill level 15 in Invocations
 41639 | Vaults:2 | Found Osetaoto's Assorted Antiques.
 41647 | Vaults:2 | Bought a potion of curing for 75 gold pieces
 41647 | Vaults:2 | Bought a potion of curing for 75 gold pieces
 41647 | Vaults:2 | Bought a scroll of enchant weapon for 187 gold pieces
 41647 | Vaults:2 | Bought a potion of curing for 75 gold pieces
 41647 | Vaults:2 | Bought a potion of heal wounds for 125 gold pieces
 41685 | Vaults:2 | Found a staircase to the Crypt.
 41685 | Vaults:2 | Found a basalt altar of Yredelemnul.
 41686 | Vaults:2 | Found an ancient bone altar of Kikubaaqudgha.
 41786 | Vaults:2 | You are sucked into a shaft and drop 2 floors!
 42604 | Vaults:4 | Noticed Bai Suzhen
 42619 | Vaults:4 | Killed Bai Suzhen
 42636 | Vaults:4 | Reached skill level 20 in Armour
 43018 | Vaults:3 | Reached XP level 20. HP: 192/192 MP: 31/31
 43546 | Vaults:2 | Found Osetaoto's Assorted Antiques.
 43574 | Vaults:2 | Found a staircase to the Crypt.
 43574 | Vaults:2 | Found a basalt altar of Yredelemnul.
 43575 | Vaults:2 | Found an ancient bone altar of Kikubaaqudgha.
 44835 | Vaults:3 | Found Vysost's Weapon Shoppe.
 44939 | Vaults:3 | Identified the +2 dagger "Junuasui" {heavy, Dex+2}
 46315 | Vaults:5 | Entered Level 5 of the Vaults
 46316 | Vaults:5 | Noticed a golden dragon
 46734 | Snake:1  | Killed Isiyh's ghost
 46761 | Snake:1  | Paralysed by accursed screaming for 1 turns
 46765 | Snake:1  | Paralysed by accursed screaming for 1 turns
 47092 | Snake:1  | Found a one-way gate to the infinite horrors of the Abyss.
 47315 | Elf:1    | Entered Level 1 of the Elven Halls
 47613 | Abyss:3  | Cast into level 3 of the Abyss (+2 halberd of distortion)
 47659 | Abyss:3  | Noticed a bone dragon
 47661 | Abyss:3  | Found a corrupted altar of Lugonu.
 47666 | Abyss:3  | Killed a bone dragon
 47739 | Abyss:3  | Found a corrupted altar of Lugonu.
 47840 | Abyss:3  | Fell from the grace of Qazlal
 47840 | Abyss:3  | Became a worshipper of Lugonu the Unformed
 47840 | Abyss:3  | Reached * piety under Lugonu
 47840 | Abyss:3  | Reached ** piety under Lugonu
 47841 | Elf:1    | Escaped the Abyss
 47860 | Abyss:3  | Cast into level 3 of the Abyss (+2 halberd of distortion)
 47902 | Elf:1    | Escaped the Abyss
 48234 | Elf:1    | Got the Vellum of Companions
 48516 | Elf:1    | Identified the +7 quarterstaff of Welfare {elec, rF- rC++
                  | rN+}
 48521 | Elf:1    | Found Hiuj's Armour Shoppe.
 48537 | Elf:1    | Paralysed by an air elemental for 1 turns
 49013 | Elf:2    | Found an ancient bone altar of Kikubaaqudgha.
 49160 | Elf:2    | Reached XP level 21. HP: 202/202 MP: 29/33
 49239 | Elf:2    | Reached skill level 21 in Armour
 49537 | Elf:2    | Noticed Nikola
 49551 | Elf:2    | Killed Nikola
 49595 | Elf:2    | Banished a shard shrike
 49834 | Elf:2    | Reached *** piety under Lugonu
 49843 | Elf:2    | Found a runed translucent gate.
 49844 | Elf:2    | Found a runed translucent gate.
 49844 | Elf:2    | Found a runed translucent gate.
 50384 | Elf:2    | HP: 9/202 [deep elf zephyrmancer/bolt of lightning (15)]
 50476 | Elf:2    | Banished a shard shrike
 50895 | Elf:3    | Entered Level 3 of the Elven Halls
 51114 | Elf:3    | Reached **** piety under Lugonu
 51265 | Elf:3    | Found Qixisut's Neck Hole.
 51578 | Elf:3    | Reached skill level 15 in Maces & Flails
 51593 | Elf:3    | Identified the amulet "Sugunu" {RegenMP rF- rCorr SInv}
 52082 | Elf:3    | HP: 1/197 [deep elf sorcerer/damnation (40)]
 52084 | Elf:3    | Killed from afar by a deep elf sorcerer

Illustrated notes

Levels and vault maps discovered:
D:1:      psy_arrival_conway, layout_basic,
          shapermc_ecumenical_altar_flowoftime, serial_shops,
          nicolae_shop_stone, nicolae_square_shop, shop, shop, shop,
          minmay_heptomino_o4
D:2:      layout_basic
D:3:      layout_basic, hellmonk_ghost_happy_afterlife, portal_sewer_entry_e
D:4:      layout_loops_corners, minmay_temple_entry_gardened_gates,
          chequers_serial_rivers_small_b
D:5:      layout_loops_ring, minmay_door_square, hangedman_decor_slide_cut,
          uniq_duvessa
D:6:      layout_cave_pools
D:7:      layout_cave_pools, enter_ossuary_3, nicolae_zen_rock_garden,
          grunt_decor_mini_mirrors
D:8:      layout_rooms, minmay_misc_feat_doors, minmay_fountain_box
D:9:      minmay_evil_eye, layout_irregular_city,
          chequers_temple_overflow_statue_of_worship,
          grunt_lair_entry_orc_guard_hut, mumra_transporter_accident
D:10:     layout_gridville
D:11:     layout_rooms, dreamdust_gnoll_shepherd
D:12:     layout_stronghold, kennysheep_orc_monster_closet_entryway,
          serial_shops, shop_scrolls, kennysheep_pointless_box,
          guppyfry_shop_blood
D:13:     layout_big_octagon, tso_oasis_becter
D:14:     kennysheep_room_grid, layout_irregular_city, serial_shops,
          nicolae_inconvenience_store, hangedman_abyss_or_decor_passed
D:15:     hangedman_depths_entry_try_elsewhere_first, layout_rooms,
          chequers_serial_rivers_micro_a, minmay_microvault, uniq_azrael,
          uniq_josephine
Temple:   regret_index_temple_mists
Lair:1:   layout_hall_layers
Lair:2:   layout_regular_city, swamp_mist, guppyfry_snake_entry_island
Lair:3:   layout_loops_ring, minivault_27, chequers_serial_rivers_room_a,
          grunt_megastairs_5
Lair:4:   layout_loops_ring, slime_entry_1, grunt_megastairs_3,
          serial_bayou_shore_b
Lair:5:   minmay_lair_end_frog_pond, layout_loops_ring, lemuel_centaur_altar
Swamp:1:  layout_basic_swamp, evilmike_swamp_ruin_rubble_1, uniq_donald
Swamp:2:  layout_basic_swamp, hangedman_swamp_ruin_wall, swamp_pool1,
          uniq_louise
Swamp:3:  layout_basic_swamp, evilmike_swamp_ruin_house_1
Swamp:4:  swamp_icy, layout_basic_swamp, nicolae_swamp_frolicking_bunyips,
          infiniplex_staircase_pool, uniq_mara
Snake:1:  layout_misc_corridors, gammafunk_ghost_abyssal_escape, serial_shops,
          nicolae_shop_waterfront, basic_altar, minmay_shop_star
Snake:2:  layout_cave_pods, special_room, serial_bayou_shore_a
Snake:3:  layout_layer_cave, grunt_ministairs_15, nicolae_triple_integral
Snake:4:  snake_pit_salamanders_mu, layout_misc_corridors, st_stairs_1,
          nicolae_snake_snakewalk, serial_bayou_shore_b
Orc:1:    layout_caves, basic_altar, nicolae_orc_damp_corner
Orc:2:    st_orc_elflike, layout_caves, special_room, mines4_lemuel
Elf:1:    eino_elf_arrival_the_gate, layout_geoelf_grid, serial_shops,
          nicolae_shop_hallway_plus, minmay_elf_demonology
Elf:2:    nicolae_elf_blades_crystal_corner, layout_geoelf_diagonals,
          basic_altar, uniq_nikola
Elf:3:    minmay_elf_hall_quartered_circle, layout_rooms,
          nicolae_shop_sticking_my_neck_out
Vaults:1: vaults_room_ringed_pool, ontoclasm_vaults_gateway,
          hangedman_vaults_corner, hangedman_vaults_slice,
          nicolae_vaults_rhombus_5, dpeg_vaults_pockets_of_resistance,
          dpeg_vaults_monster_box, v_alt_pattern_1, hangedman_vaults_pinch,
          vaults_room_door_hall, v_pattern_1, nicolae_vaults_diagonal_hallway_6,
          hangedman_vaults_stretched_pinwheel, ontoclasm_vaults_decontamination,
          v_misc_23, vaults_dpeg_encased_lava, layout_vaults_ring,
          nicolae_trove_entry_crossroad, serial_shops, shop_coins
Vaults:2: v_rooms_6, nicolae_vaults_circle_grid_a, vaults_room_stairs_pillars,
          vaults_room_stairs_pillars, v_misc_11, v_misc_18,
          vaults_standard_mumra_x, v_misc_8, vaults_dpeg_cross, v_misc_13,
          minmay_crypt_entry_necro_gods, vaults_dpeg_ring, v_misc_8,
          vaults_room_pool, nicolae_vaults_rhombus_6, v_misc_28,
          vaults_dpeg_diagonal, layout_vaults_omnibox, serial_shops,
          nicolae_shop_temple_entry_statues_fountains, uniq_saint_roka,
          uniq_frederick
Vaults:3: ontoclasm_vaults_ring_square, vaults_mumra_chevron_long,
          ontoclasm_vaults_chip, vaults_room_pool, v_misc_33, vaults_room_fours,
          vaults_room_pools, nicolae_vaults_yaktaur_gun_rack,
          hangedman_vaults_slice, vaults_dpeg_emergency_exit, v_pattern_4,
          layout_vaults_omnigrid, serial_shops,
          nicolae_shop_bloodbath_and_beyond
Vaults:4: v_misc_28, hangedman_vaults_snaps, hangedman_vaults_unwind,
          nicolae_vaults_network_barrier, dpeg_vaults_monster_row,
          grunt_vaults_focal, hangedman_vaults_nodes, layout_vaults_maze_bifur,
          uniq_bai_suzhen
Vaults:5

Skill      XL: |  1  2  3  4  5  6  7  8  9 10 11 12 13 14 15 16 17 18 19 20 21 |
---------------+----------------------------------------------------------------+-----
Long Blades    | 2 |  2.2
Armour         | 4 5 6 7 9 10 11 12 14 15 16 17 18 19 20 21 | 21.3
Fighting       | 3 4 5 6 7 8 9 10 11 12 13 14 15 16 | 16.8
Maces & Flails | 1 2 3 4 6 7 8 9 10 11 12 13 14 15 | 15.0
Shields        | 4 5 6 7 8 9 10 11 13 14 15 16 17 18 19 | 19.7
Invocations    | 1 4 6 7 9 10 11 12 13 14 15 16 | 16.8
Dodging        | 3 5 6 8 9 |  9.7
Unarmed Combat | |  0.1

Action                     |  1- 3 |  4- 6 |  7- 9 | 10-12 | 13-15 | 16-18 | 19-21 || total
---------------------------+-------+-------+-------+-------+-------+-------+-------++-------
  Melee: Long sword        |    61 |       |       |       |       |       |       ||    61
         Tailslap          |    20 |    22 |    33 |    83 |   184 |   344 |   301 ||   987
         Whip              |    55 |       |       |       |       |       |       ||    55
         Unarmed           |    15 |     6 |    19 |       |       |       |       ||    40
         Flail             |    11 |   189 |   244 |   546 |  1006 |   608 |       ||  2604
         Eveningstar       |       |       |       |       |       |  1068 |  1531 ||  2599
  Throw: Dart              |       |       |    55 |   153 |   100 |   132 |    32 ||   472
         Boomerang         |       |       |       |       |    79 |    55 |       ||   134
         Throwing net      |       |       |       |       |     1 |       |       ||     1
 Invoke: Upheaval          |       |       |       |       |     1 |     3 |       ||     4
         Elemental Force   |       |       |       |       |     1 |     2 |     2 ||     5
         Disaster Area     |       |       |       |       |       |     4 |       ||     4
         Depart the Abyss  |       |       |       |       |       |       |     2 ||     2
  Evoke: Wand              |       |       |     2 |       |       |     3 |       ||     5
    Use: Scroll            |       |     1 |    18 |    18 |     2 |    11 |    23 ||    73
         Potion            |       |     4 |     6 |     4 |     4 |     6 |    26 ||    50
   Stab: Invisible         |       |       |     2 |       |       |       |     3 ||     5
         Confused          |       |       |       |       |       |     2 |       ||     2
         Paralysed         |       |       |       |       |       |     3 |     2 ||     5
         Distracted        |       |       |       |       |       |       |     3 ||     3
 Armour: Scale mail        |    73 |    80 |       |       |       |       |       ||   153
         Skin              |       |    11 |    34 |       |       |       |       ||    45
         Leather armour    |       |       |    82 |    19 |       |       |       ||   101
         Plate armour      |       |       |       |   207 |   200 |       |       ||   407
         Ring mail         |       |       |       |       |   263 |   578 |   616 ||  1457
  Dodge: Dodged            |    50 |    56 |    78 |    30 |   101 |   174 |   236 ||   725
         Repelled          |       |       |       |     1 |     5 |    12 |     1 ||    19
  Block: Buckler           |    22 |    39 |    37 |       |       |       |       ||    98
         Tower shield      |       |       |   164 |   634 |  1566 |  1940 |  1958 ||  6262
         Reflection        |       |       |       |       |       |    33 |    93 ||   126

Table legend: (Time is in decaauts)
 A = Elapsed time spent in this place.
 B = Non-inter-level travel time spent in this place.
 C = Inter-level travel time spent in this place.
 D = Time resting spent in this place.
 E = Time spent auto-exploring this place.
 F = Levels seen in this place.
 G = Mean time per level.
                   A        B        C        D        E       F      G
               +--------+--------+--------+--------+--------+-----+--------+
         Total |  52808 |  47559 |   5249 |   7295 |  30167 |  42 | 1257.3 |
       Dungeon |  18131 |  14986 |   3145 |   1094 |  10925 |  15 | 1208.7 |
        Temple |    191 |    143 |     48 |      0 |    126 |   1 |  191.0 |
          Lair |   6419 |   5835 |    584 |   1154 |   3577 |   5 | 1283.8 |
         Swamp |   4062 |   3768 |    294 |    645 |   2049 |   4 | 1015.5 |
     Snake Pit |   9178 |   8866 |    312 |   1624 |   5649 |   4 | 2294.5 |
  Orcish Mines |   2173 |   1982 |    191 |    513 |    893 |   2 | 1086.5 |
   Elven Halls |   4531 |   4431 |    100 |   1366 |   2023 |   3 | 1510.3 |
        Vaults |   7558 |   6985 |    573 |    895 |   4657 |   5 | 1511.6 |
         Abyss |    268 |    268 |      0 |      1 |     82 |   2 |  134.0 |
       Ossuary |    294 |    294 |      0 |      0 |    185 |   1 |  294.0 |
               +--------+--------+--------+--------+--------+-----+--------+

Top non-repeatable levels by time:
 Snake:4: 3789 daAuts
     D:5: 2642 daAuts
  Lair:4: 2198 daAuts
Vaults:2: 2096 daAuts
 Snake:3: 1974 daAuts
   Elf:2: 1952 daAuts
     D:4: 1875 daAuts
Vaults:3: 1875 daAuts
     D:1: 1825 daAuts
 Snake:2: 1821 daAuts
Vaults:4: 1809 daAuts
Vaults:1: 1775 daAuts
    D:12: 1606 daAuts
 Snake:1: 1593 daAuts
   Elf:1: 1374 daAuts
